 Seeded DCSS version 0.30.1-11-g7821555f0a (webtiles) character file.

Game seed: 10574354823592160604 (custom seed)

27 Psyclone the Conjurer (level 2, 15/15 HPs)
             Began as a Deep Elf Conjurer on Nov 18, 2023.
             Quit the game on level 1 of the Dungeon.
             The game lasted 00:02:34 (1087 turns).

Psyclone the Conjurer (Deep Elf Conjurer)           Turns: 1087, Time: 00:02:35

Health: 15/15      AC:  2    Str:  4    XL:     2   Next: 93%
Magic:  8/8        EV: 12    Int: 22    God:
Gold:   0          SH:  0    Dex: 13    Spells: 7/8 levels left

rFire   . . .        (no weapon)
rCold   . . .        (no shield)
rNeg    . . .        a - +0 robe
rPois   .            (no helmet)
rElec   .            (no cloak)
rCorr   .            (no gloves)
SInv    .            (no boots)
Will    .....        (no amulet)
Stlth   ++           (no ring)
HPRegen 0.22/turn    (no ring)
MPRegen 0.11/turn

%: no passive effects
@: no status effects
A: no striking features
a: no special abilities


You were on level 1 of the Dungeon.
You visited 1 branch of the dungeon, and saw 1 of its levels.

Inventory:

Armour
 a - a +0 robe (worn)
Potions
 b - a potion of magic


   Skills:
 - Level 2.4 Dodging
 - Level 2.4 Stealth
 + Level 3.6 Spellcasting
 * Level 5.1 Conjurations


You had 7 spell levels left.
You knew the following spells:

 Your Spells              Type           Power      Damage    Failure   Level
a - Magic Dart            Conj           100%       1d8       1%          1

Your spell library contained the following spells:

 Spells                   Type           Power      Damage    Failure   Level
 Searing Ray              Conj           52%        2d6       1%          2
 Dazzling Flash           Conj/Hex       30%        N/A       12%         3
 Fulminant Prism          Conj/Hex       7%         3d7       36%         4
 Iskenderun's Mystic Bla  Conj/Tloc      15%        2d5       36%         4


Dungeon Overview and Level Annotations

Branches:
Dungeon (1/15) Zot: 4913

Altars:

Shops:
D:1 (


Message History

You can't see any susceptible monsters within range! (Use Z to cast anyway.) Unknown command.
Casting: Magic Dart (safe; 1% risk of failure)
Confirm with . or Enter, or press ? or * to list all spells.
You can't see any susceptible monsters within range! (Use Z to cast anyway.) Unknown command.
Casting: Magic Dart (safe; 1% risk of failure)
Confirm with . or Enter, or press ? or * to list all spells.
You can't see any susceptible monsters within range! (Use Z to cast anyway.)
Found a stone staircase leading down.
MP restored: 8
There is a stone staircase leading down here.
You see here 5 gold pieces.
You open the door.
There is an open door here.
You open the door.
There is an open door here.
Found a sedimented inky potion.
You see here a +0 dagger.
Things that are here:
a scroll labelled SUGUOSCH NEUW; a +0 quarterstaff You see here a +4 dagger.
You see here a +0 scale mail.
Done exploring.
Done exploring.
Done exploring.
Search for what [? for help]? sediment You see here a +0 scale mail.
You see here a +4 dagger.
Things that are here:
a scroll labelled SUGUOSCH NEUW; a +0 quarterstaff You see here a +0 dagger.
You see here a sedimented inky potion.
You see here a fizzy red potion.
You see here a +0 long sword.
You see here a fizzy red potion.
You see here 6 stones.
Unknown command.
Unknown command.
Are you sure you want to abandon this character and quit the game? (Confirm with "yes".)

...)#
#...........###.##.#.#
#..!# #.#########.#
#.##.#.# ##.## #.# #.#
#.##.#.# #.# #.# #.#
#.##.#.# #.# #.# #.#
#.##.#.# ##.## ####.####
#.# #.##.#.# ....#
#.......######.###.##.#.#
##..#
#.##.##.##...)..........#
#..#
#.##.##..@......$#####..#
#..####.##)....(.....#.#
#$.#
##..............#.##....#
#..#
...#####.#####..#.##.##.#
#.## ####
#........#.##.##.#####.#
########.#.##.##.......#
#$#.##.#####!#### ######
#.#.##>#####.#
#....######
#.#..>#......#


There were no monsters in sight!

Vanquished Creatures
  A dart slug (D:1)
  3 ball pythons (D:1)
  5 bats (D:1)
  3 endoplasms (D:1)
  A giant cockroach (D:1)
  3 hobgoblins (D:1)
  2 goblins (D:1)
  3 kobolds (D:1)
  A rat (D:1)
22 creatures vanquished.

Notes
Turn   | Place    | Note
-------+----------+-------------------------------------------
     0 | D:1      | Psyclone the Deep Elf Conjurer began the quest for the Orb.
     0 | D:1      | Reached XP level 1. HP: 10/10 MP: 6/6
   180 | D:1      | Reached XP level 2. HP: 13/15 MP: 2/8
   265 | D:1      | Found Usoro's Weapon Shoppe.
   522 | D:1      | Reached skill level 5 in Conjurations
  1087 | D:1      | Quit the game

Illustrated notes

Levels and vault maps discovered:
D:1:      doesnt_arrival_eight_statues, layout_loops_ring, serial_shops, shop

Skill      XL: |  1  2 |
---------------+-------+-----
Conjurations   | 5 |  5.1
Dodging        | |  2.4
Stealth        | |  2.4
Spellcasting   | |  3.6

Action                     || total
---------------------------++-------
   Cast: Magic Dart        ||    37
 Armour: Robe              ||     1
